Map: Central Protocol

Players

propagare

  • Race: Terran Terran
  • League: Gold

Rysiek - Winner!

  • Race: Terran Terran
  • League: Platinum

VOD

Have the link to the VOD?

Description

Time

  • Played on: March 6, 2016, 3:27 p.m.
  • Length: 11:29
Show
View Real Time Build Order
Export as new Build Order

propagare Terran 

Build Orders:  

Get SALT Encoding   

  12  0:00  SCV  
  13  0:13  SCV  
  14  0:17  Supply Depot  
  14  0:25  SCV  
  15  0:39  SCV, Refinery  
  16  0:45  Barracks  
  16  0:51  SCV  
  17  1:03  SCV  
  18  1:10  Barracks  
  18  1:15  SCV  
  19  1:21  Refinery  
  20  1:33  Orbital Command  
  20  1:37  Marine  
  20  1:55  Supply Depot  
  20  2:00  SCV  
  21  2:08  Marine  
  23  2:12  SCV  
  23  2:16  Factory  
  23  2:24  SCV  
  24  2:32  Marine x2  
  25  2:39  SCV  
  25  2:41  Supply Depot  
  26  2:50  Marine x2  
  28  3:05  Factory Tech Lab, Factory  
  28  3:08  Marine x2  
  27  3:29  Marine x2  
  27  3:30  Siege Tank  
  32  3:50  Starport, Factory Tech Lab  
  32  3:52  Marine x2  
  34  3:57  SCV, Supply Depot  
  35  4:10  Marine x2  
  37  4:18  Siege Tank x2  
  39  4:38  Supply Depot  
  38  4:40  Marine  
  39  4:59  Marine x2, Viking  
  47  5:00  Siege Tank, SCV  
  47  5:01  Supply Depot  
  43  5:17  Marine  
  41  5:37  Marine x2  
  41  5:38  Siege Tank x2  
  49  5:58  Marine x2  
  49  6:01  Medivac  
  53  6:19  Supply Depot  
  53  6:20  Supply Depot  
  42  6:38  Marine x2  
  44  6:49  Siege Tank  
  47  6:56  Marine x2  
  47  6:57  SCV  
  50  7:07  Siege Tank  
  53  7:09  SCV  
  53  7:12  Engineering Bay  
  54  7:21  SCV  
  47  7:57  Marine x2  
  47  7:58  Siege Tank  
  46  8:14  Marine  
  46  8:15  Marine  
  34  8:32  Marine x2  
  34  8:33  Siege Tank  
  30  8:45  SCV  
  30  8:48  Starport Tech Lab  
  31  8:50  Marine x2  
  33  8:59  Banshee  
  36  9:08  Siege Tank  
  36  9:09  Marine x2  
  41  9:30  Marine  
  41  9:31  Marine  
  43  9:32  Widow Mine  
  45  9:40  Missile Turret  
  45  9:42  Viking  
  47  9:55  SCV  
  47  9:56  Marine x2  
  47  9:58  Siege Tank  
  53  10:08  Hellion  
  53  10:12  Medivac  
  57  10:14  Marine x2  
  55  10:51  Marine  
  55  10:52  Marine  
  55  10:53  Siege Tank  
Show
View Real Time Build Order
Export as new Build Order

Rysiek Terran - Winner!

Build Orders: MMM Bio 

Get SALT Encoding   

  12  0:01  SCV  
  13  0:16  SCV  
  14  0:29  SCV  
  15  0:37  Supply Depot  
  15  1:01  Barracks  
  15  1:02  Barracks  
  15  1:05  Barracks  
  15  1:07  Refinery  
  15  1:09  SCV  
  16  1:20  Refinery  
  16  1:32  SCV  
  17  1:50  Reaper  
  17  1:51  Orbital Command  
  18  1:58  Reaper  
  19  2:09  Reaper  
  20  2:18  Supply Depot  
  20  2:24  Reaper  
  21  2:31  Reaper  
  22  2:39  SCV  
  22  2:41  Reaper  
  24  2:58  SCV  
  24  2:59  Factory  
  24  3:05  Reaper  
  26  3:11  SCV  
  24  3:43  Factory Tech Lab  
  24  3:44  Armory, SCV  
  25  3:52  Marine  
  25  3:53  Marine  
  25  3:54  Marine  
  28  3:56  SCV  
  28  3:59  Starport  
  29  4:10  Supply Depot  
  29  4:39  Thor  
  29  4:43  Command Center  
  35  4:47  Medivac  
  35  4:51  SCV  
  38  4:55  Marine  
  39  5:00  Supply Depot  
  39  5:19  Marine x2  
  38  5:32  Thor  
  38  5:34  SCV  
  45  5:43  Refinery  
  45  5:44  Marine  
  45  5:45  Marine  
  47  5:53  Marine, Refinery  
  48  6:03  SCV, Engineering Bay  
  49  6:06  Medivac  
  51  6:11  Barracks Tech Lab  
  45  6:36  Orbital Command  
  45  6:39  Siege Tank, Starport Reactor  
  48  6:42  SCV, Missile Turret  
  48  6:43  Stimpack, Marine  
  50  6:57  Marine  
  50  6:58  Marine  
  50  6:59  SCV  
  53  7:03  Armory  
  50  7:22  SCV  
  51  7:30  Viking  
  51  7:31  Viking  
  51  7:32  Marine, SCV  
  51  7:34  Siege Tank, SCV  
  61  7:50  Marine  
  61  7:51  Marine x2  
  63  7:56  SCV  
  37  8:35  SCV  
  38  8:43  Siege Tank  
  38  8:44  Viking x2  
  38  8:46  Marine x3  
  38  8:47  SCV  
  49  8:55  SCV  
  49  8:57  Factory  
  49  8:58  Starport  
  49  8:59  SCV  
  49  9:02  Barracks  
  51  9:04  Marine  
  52  9:11  Terran Infantry Weapons Level 1, SCV  
  53  9:21  Siege Tank  
  53  9:22  SCV  
  53  9:23  Marine, SCV  
  53  9:24  Marine  
  60  9:25  Marine  
  61  9:31  Combat Shields  
  61  9:35  SCV  
  62  9:41  Marine  
  63  9:46  Factory Tech Lab  
  63  9:47  Starport Tech Lab, SCV  
  63  9:48  SCV  
  63  9:51  Command Center  
  65  9:54  Medivac  
  65  9:55  Medivac  
  69  10:00  Marine  
  69  10:03  Missile Turret  
  70  10:10  Missile Turret x2  
  70  10:17  Supply Depot  
  70  10:21  Siege Tank x2  
  74  10:39  SCV  
  75  10:51  SCV  
  75  10:52  Supply Depot  
  76  11:14  SCV  
  76  11:16  Supply Depot  
Tags
 
Composition
MMM Bio
Matchup
TvT
Race
Terran
Add a new tag
Caveats
  • Supply blocks, unpowered buildings, or Contaminate may cause inaccurate times.
  • Supply counts are checked every 10 seconds.